AoeStats
← Malelf

Arabia

507974747Analyzed
1v1 RM · 11d ago on Sep 20, 2026· 36m 34s· 2 players
Game mode
Random Map
Map size
Tiny (2 player)
Population
200
Speed
Normal
Resources
Standard
Victory
Conquest
Starting age
Dark Age
Ending age
Imperial Age
RankedLock teamsTeams togetherTeam positionsShared explorationLock speedFull tech treeHidden civsTurbo modeCheats
Victory
Defeat
🇮🇹 Mongols · Italy
1635
+19
🇹🇷 Vietnamese · Türkiye
1708
-19
The_ropztr
0:35 Loom
11:28 Feudal Age
14:19 Fletching
18:09 Padded Archer Armor
26:19 Castle Age
25:54 Double-Bit Axe
26:32 Crossbowman
27:17 Bodkin Arrow
Malelf
2:00 Loom
9:19 Feudal Age
10:32 Double-Bit Axe
15:27 Padded Archer Armor
15:20 Fletching
16:11 Padded Archer Armor
22:40 Castle Age
20:31 Gold Mining
20:38 Horse Collar
22:48 Crossbowman
23:26 Bodkin Arrow
23:18 Elite Skirmisher
24:38 Wheelbarrow
25:57 Bow Saw
26:17 Heavy Plow
29:37 Leather Archer Armor
31:23 Ballistics
33:59 Bloodlines
33:58 Scale Barding Armor
34:04 Forging
36:03 Chain Barding Armor
35:44 Stone Mining
37:13 Hand Cart
Connection lost

Rejoining the realm…

Still unreachable

The connection could not be restored.

Session expired

The server has moved on; the page needs a fresh start.